 Dungeon Sprint DCSS version 0.26-a0-652-gafc20e3620 (webtiles) character file.

Game seed: 15851209672884513183

6 sahdkjhfkaj the Gusty (level 1, -6/10 HPs)
             Began as a Tengu Air Elementalist on Oct 3, 2020.
             Mangled by an orc
             ... wielding a +3 trident
              (13 damage)
             ... in the Dungeon (Sprint IX: "|||||||||||||||||||||||||||||").
             The game lasted 00:00:20 (78 turns).

sahdkjhfkaj the Gusty (Tengu Air Elementalist)        Turns: 78, Time: 00:00:20

Health: -6/10      AC:  2    Str:  8    XL:     1   Next: 90%
Magic:  2/4        EV: 12    Int: 15    God:
Gold:   0          SH:  0    Dex: 14    Spells: 3/4 levels left

rFire    . . .     SeeInvis .   (no weapon)
rCold    . . .     Faith    .   (no shield)
rNeg     . . .     Spirit   .   a - +0 robe
rPois    .         Reflect  .   (helmet restricted)
rElec    .         Harm     .   (no cloak)
rCorr    .         Rampage  .   (no gloves)
MR       .....     NoTele   +   (boots unavailable)
Stlth    ++........             (no amulet)
HPRegen  0.03/turn              (no ring)
MPRegen  0.09/turn              (no ring)

@: no status effects
A: beak, talons 3
a: no special abilities


You were in the Dungeon.
You visited 1 branch

Inventory:

Armour
 a - a +0 robe (worn)
Scrolls
 h - a scroll of blinking
Potions
 c - a potion of curing
 d - a potion of heal wounds
 e - a potion of haste
 f - 2 potions of magic
 g - a potion of berserk rage


   Skills:
 - Level 2.1 Dodging
 - Level 2.0 Stealth
 + Level 2.0 Spellcasting
 * Level 1.3 Conjurations
 * Level 6.3 Air Magic


You had 3 spell levels left.
You knew the following spells:

 Your Spells              Type           Power        Failure   Level
a - Shock                 Conj/Air       ##..         4%          1

Your spell library contained the following spells:

 Spells                   Type           Power        Failure   Level
 Swiftness                Air            ###.....     2%          2
 Static Discharge         Conj/Air       ##......     14%         3
 Airstrike                Air            ###.......   17%         4
 Lightning Bolt           Conj/Air       ##........   77%         5


Dungeon Overview and Level Annotations

Branches:
Dungeon (1/1)

Altars:


Innate Abilities, Weirdness & Mutations

You have a beak for a mouth.
You have claws for feet.


Message History

Items here: ) †††.
There's nothing to close nearby.
You start resting.
You close the door.
An orc opens the door.
You close the door.
An orc opens the door.
You close the door.
An orc opens the door.
Your magical contamination has completely faded away.
You close the door.
An orc opens the door.
You close the door.
An orc opens the door.
You close the door.
An orc opens the door.
You close the door.
An orc opens the door.
As you close the door, it creaks loudly!
An orc opens the door.
You close the door.
An orc opens the door.
You close the door.
An orc opens the door.
You close the door.
An orc opens the door.
You close the door.
An orc opens the door.
The orc hits you from afar with a +3 trident!
Ouch! That really hurt!
You die...

▓▓▓
▓<▓
▓.▓
▓.▓
▓@▓
▓'▓
▓o▓
▓S▓
▓Z▓
▓Z▓
▓)▓
▓'▓
▓†▓


You could see an adder, an orc and 2 adder skeletons.

Vanquished Creatures
  A leopard gecko (D)
  A goblin (D)
  A frilled lizard (D)
  A kobold (D)
  2 rats (D)
6 creatures vanquished.

Notes
Turn   | Place    | Note
-------+----------+-------------------------------------------
     0 | D        | sahdkjhfkaj the Tengu Air Elementalist began the quest for
                  | the Orb.
     0 | D        | Reached XP level 1. HP: 10/10 MP: 4/4
     5 | D        | Reached skill level 5 in Air Magic
     8 | D        | Reached skill level 6 in Air Magic
    78 | D        | Mangled by an orc

Illustrated notes

Levels and vault maps discovered:
D:        linesprint [early_d, line_temple, items_1, d_10, items_2, lair_1,
          lair_end, items_3, orc_1, orc_end, items_4, d_15, swamp_1, shoals_1,
          snake_1, spider_1, d_20, vaults_1, items_5, swamp_end, shoals_end,
          snake_end, spider_end, vaults_end, d_27, items_6, zot_1, zot_end,
          crypt_end, forest_end, elf_end, slime_end, tomb_end, abyss_end,
          pan_hell_end]

Skill      XL: |  1 |
---------------+----+-----
Air Magic      | 6 |  6.3
Dodging        | |  2.1
Stealth        | |  2.0
Spellcasting   | |  2.0
Conjurations   | |  1.3

Action                   || total
-------------------------++-------
Melee: Unarmed           ||     1
 Cast: Shock             ||     6
Dodge: Dodged            ||     3

Table legend: (Time is in decaauts)
 A = Elapsed time spent in this place.
 B = Non-inter-level travel time spent in this place.
 C = Inter-level travel time spent in this place.
 D = Time resting spent in this place.
 E = Time spent auto-exploring this place.
 F = Levels seen in this place.
 G = Mean time per level.
                   A        B        C        D        E       F      G
               +--------+--------+--------+--------+--------+-----+--------+
         Total |     78 |     78 |      0 |     41 |      0 |   1 |   78.0 |
       Dungeon |     78 |     78 |      0 |     41 |      0 |   1 |   78.0 |
               +--------+--------+--------+--------+--------+-----+--------+

Top non-repeatable levels by time:
       D: 78 daAuts
